 Dungeon Crawl Stone Soup version 0.21.1-1-g345015fe64 (webtiles) character file.

36833 Naru the Severer (level 13, -2/119 HPs)
             Began as a Hill Orc Fighter on June 18, 2018.
             Was a High Priest of Beogh.
             Killed by divine providence
             ... invoked by an orc priest
              (14 damage)
             ... on level 2 of the Orcish Mines.
             The game lasted 01:07:03 (21683 turns).

Naru the Severer (Hill Orc Fighter)                Turns: 21683, Time: 01:07:03

Health: -2/119     AC: 15    Str: 20    XL:     13   Next: 92%
Magic:  20/20      EV:  6    Int: 11    God:    Beogh [*****.]
Gold:   1713       SH: 19    Dex: 13    Spells: 12/12 levels left

rFire    + + .     SeeInvis .   H - +2 war axe (flame)
rCold    x . .     Gourm    .   B - +2 large shield {AC+3}
rNeg     . . .     Faith    .   U - +0 fire dragon scales
rPois    +         Spirit   .   c - +0 helmet
rElec    .         Reflect  .   y - +2 cloak
rCorr    .         Harm     .   h - +0 pair of gloves
MR       .....                  (no boots)
Stlth    ..........             Q - amulet of regeneration
HPRegen  0.69/turn              a - +2 ring of dexterity
MPRegen  0.17/turn              u - ring of poison resistance

@: corroded, very slightly contaminated, heavily drained, invisible
A: walk on water
a: Smiting, Recall Orcish Followers, Give Item to Named Follower, Renounce
Religion


You were on level 2 of the Orcish Mines.
You worshipped Beogh.
Beogh was extremely pleased with you.
You were not hungry.

You visited 3 branches of the dungeon, and saw 19 of its levels.

You collected 1713 gold pieces.

Inventory:

Hand Weapons
 g - a +0 executioner's axe of chopping
 H - a +2 war axe of flaming (weapon)
Missiles
 s - 3 throwing nets (quivered)
Armour
 c - a +0 helmet (worn)
 h - a +0 pair of gloves (worn)
 j - the +0 shield of Gehenna {rC+ Int+3}
   (You found it on level 2 of the Lair of Beasts)

   It affects your intelligence (+3).
   It protects you from cold.
 y - a +2 cloak (worn)
 B - a +2 large shield of protection (worn)
 U - +0 fire dragon scales (worn)
Jewellery
 a - a +2 ring of dexterity (left hand)
 p - an uncursed ring of magical power
 u - a ring of poison resistance (right hand)
 K - a +3 amulet of reflection
 O - the ring "Bolionav" {+Blink Slay+1}
   (You found it on level 5 of the Lair of Beasts)

   [ring of slaying]

   It affects your accuracy and damage with ranged weapons and melee attacks
   (+1).
   It lets you blink.
 Q - an amulet of regeneration (around neck)
Wands
 o - a wand of iceblast (3)
 w - a wand of scattershot (7)
 E - a wand of disintegration (9)
 M - a wand of paralysis (5)
 T - a wand of acid (6)
Scrolls
 e - 10 scrolls of teleportation
 i - 4 scrolls of amnesia
 m - 2 scrolls of identify
 n - a scroll of enchant armour
 q - 2 scrolls of enchant weapon
 v - 6 scrolls of remove curse
 A - 2 scrolls of magic mapping
 D - a scroll of fear
 N - a scroll of fog
Potions
 l - 4 potions of flight
 z - 4 potions of haste
 C - 2 potions of agility
 G - 3 potions of curing
 I - 2 potions of mutation
 L - 3 potions of brilliance
Books
 r - Katupet's Almanac of the Pink Corner
   (You found it on level 7 of the Dungeon)

   Spells                             Type                      Level
   a - Swiftness                      Charms/Air                   2
   b - Excruciating Wounds            Charms/Necromancy            5
   c - Ring of Flames                 Charms/Fire                  7
 F - a book of Flames

   Spells                             Type                      Level
   a - Flame Tongue                   Conjuration/Fire             1
   b - Throw Flame                    Conjuration/Fire             2
   c - Conjure Flame                  Conjuration/Fire             3
   d - Inner Flame                    Hexes/Fire                   3
   e - Sticky Flame                   Conjuration/Fire             4
   f - Fireball                       Conjuration/Fire             5
 R - a book of Maledictions

   Spells                             Type                      Level
   a - Corona                         Hexes                        1
   b - Ensorcelled Hibernation        Hexes/Ice                    2
   c - Confuse                        Hexes                        3
   d - Tukima's Dance                 Hexes                        3
   e - Dazzling Spray                 Conjuration/Hexes            3
 S - a Young Poisoner's Handbook

   Spells                             Type                      Level
   a - Sting                          Conjuration/Poison           1
   b - Poisonous Vapours              Poison/Air                   2
   c - Mephitic Cloud                 Conjuration/Poison/Air       3
   d - Olgreb's Toxic Radiance        Poison                       4
   e - Venom Bolt                     Conjuration/Poison           5
 W - a book of Geomancy

   Spells                             Type                      Level
   a - Sandblast                      Earth                        1
   b - Passwall                       Transmutation/Earth          2
   c - Stone Arrow                    Conjuration/Earth            3
   d - Petrify                        Transmutation/Earth          4
   e - Lee's Rapid Deconstruction     Earth                        5
 X - a book of Changes

   Spells                             Type                      Level
   a - Beastly Appendage              Transmutation                1
   b - Sticks to Snakes               Transmutation                2
   c - Spider Form                    Transmutation/Poison         3
   d - Ice Form                       Ice/Transmutation            4
   e - Blade Hands                    Transmutation                5
 Y - a book of Misfortune

   Spells                             Type                      Level
   a - Confusing Touch                Hexes                        1
   b - Confuse                        Hexes                        3
   c - Gell's Gravitas                Translocation                3
   d - Petrify                        Transmutation/Earth          4
   e - Metabolic Englaciation         Hexes/Ice                    5
   f - Yara's Violent Unravelling     Hexes/Transmutation          5
Comestibles
 f - 19 rations


   Skills:
 * Level 12.9(10.6) Fighting
 - Level 16.0(13.6) Axes
 + Level 9.9(7.8) Armour
 + Level 2.2(0.5) Dodging
 * Level 12.8(10.6) Shields
 * Level 9.6(7.5) Invocations
 - Level 3.6(1.9) Evocations


You had 12 spell levels left.
You didn't know any spells.

Dungeon Overview and Level Annotations

Branches:
Dungeon (11/15)            Temple (0/1) D:4            Lair (6/6) D:9
  Swamp (0/4) Lair:3        Snake (0/4) Lair:2        Slime (0/5) Lair:5
    Orc (2/2) D:11
    Elf: Orc:2

Altars:
Dithmenos
Fedhas
Gozag
Hepliaklqana
Nemelex Xobeh
Sif Muna
Trog
Uskayaw
Wu Jian
Xom
Yredelemnul
Zin
The Shining One
Jiyva

Shops:
D:9 }

Annotations:
D:5 1 runed door


Message History

The soul eater draws from the surrounding life force!
* * * LOW HITPOINT WARNING * * *
Your orc priest dies!
The orc sorcerer mumbles some strange words.
The orc sorcerer's hands start to glow.
You block the orc sorcerer's attack. The orc high priest barely misses you.
The orc sorcerer hits you but does no damage.
The orc knight hits you with a great mace.
* * * LOW HITPOINT WARNING * * *
Blink to where?
Press: ? - help, Dir - move target cursor
As you read the scroll of blinking, it crumbles to dust.
The orc sorcerer casts a spell.
The orc sorcerer gestures wildly while chanting.
The orc sorcerer casts a spell.
There is a stone staircase leading up here.
The orc priest mumbles some strange prayers to Beogh against you.
Beogh smites you!
You die...
Beogh appreciates the orc priest's killing of a heretic priest.

#### # ##.#..# ###
........#### #..
...#.....#.# ##
.#...
...........##.##
....
#......#.......# ...
#.....#4.....##
#.##...##.##.....#
#.@...#o4o4....#
##..44o.3o....##
............o)o..###
.##....#.##oo4...##
#...###...o#....##
##...##....#.....##
###..#..o##......##
#.......###......#
#.......###.....##


You could see an orc knight, a soul eater, an ice devil (wandering), 2 chaos
spawn, 2 orc sorcerers, an orc priest, 2 orc wizards and an orc.

Vanquished Creatures
  2 hydras (Lair:6)
  Erica (D:8)
  A two-headed ogre (D:8)
  An orc high priest (Orc:2)
  An ugly thing (D:11)
  2 elephants (Lair:4)
  Maurice (D:8)
  A centaur skeleton (D:11)
  A black mamba (Lair:6)
  A spiny frog (Lair:6)
  The ghost of raetorn the Sneak, a novice VSFi of Okawaru (D:7)
  A komodo dragon (Lair:6)
  A polar bear (Lair:4)
  4 trolls
  4 blink frogs
  A hippogriff (Lair:3)
  2 wyverns
  A spriggan (D:7)
  13 yaks
  2 hungry ghosts
  A basilisk (Lair:6)
  A steam dragon (D:10)
  2 vampire mosquitoes (Lair:3)
  A warg (Orc:1)
  2 nagas (Lair:2)
  5 water moccasins
  5 orc warriors
  6 porcupines
  A sky beast (D:8)
  The ghost of barcollo the Chopper, an amateur MiBe of Trog (D:3)
  An ice beast (D:6)
  4 ogres
  2 phantoms
  3 boggarts (Lair:4)
  4 centaurs
  4 wolves (Lair:4)
  6 crocodiles
  A big kobold (D:7)
  A gnoll sergeant (D:5)
  4 bullfrogs
  A water moccasin zombie (D:8)
  2 scorpions
  2 killer bees (D:8)
  9 wights
  A howler monkey (D:8)
  9 crimson imps
  A centaur zombie (D:10)
  3 lava snakes (Lair:6)
  A quasit (D:9)
  4 hounds
  3 jellies
  2 orc priests
  5 gnoll shamans
  2 bullfrog skeletons
  2 iguanas (D:4)
  10 orc wizards
  10 worker ants
  2 hound zombies
  2 hound skeletons
  A worker ant zombie (D:8)
  A howler monkey skeleton (D:7)
  55 gnolls
  17 adders
  3 shadow imps
  An ooze (D:2)
  An adder skeleton (D:4)
  2 worms
  10 leopard geckos
  14 orcs
  6 giant cockroaches
  2 gnoll zombies (D:6)
  12 goblins
  7 hobgoblins
  18 jackals
  8 kobolds
  3 quokkas
  13 bats
  16 frilled lizards
  A leopard gecko skeleton (D:5)
  A leopard gecko zombie (D:8)
  A quokka skeleton (D:9)
  5 rats
  A bush (Lair:6)
  11 fungi
  3 plants
381 creatures vanquished.

Vanquished Creatures (collateral kills)
  A fire dragon (Lair:6)
  5 hydras
  A catoblepas (Lair:6)
  Nergalle (Lair:2)
  A lindwurm (Lair:6)
  Pikel (D:8)
  2 orc knights (Orc:1)
  2 ugly things (D:11)
  4 black mambas (Lair:6)
  8 elephants
  3 molten gargoyles (Lair:6)
  A gargoyle (D:11)
  5 spiny frogs
  A centaur skeleton (D:11)
  7 komodo dragons
  A polar bear (Lair:4)
  8 blink frogs
  4 hippogriffs
  6 wyverns
  30 yaks
  4 basilisks
  A hungry ghost (D:8)
  2 vampire mosquitoes (Lair:3)
  A steam dragon (Lair:6)
  A naga (Lair:2)
  3 hell hounds (Lair:6)
  5 water moccasins
  3 porcupines
  An ice beast (D:11)
  4 orc warriors
  2 black bears
  An ogre (Orc:1)
  10 wolves
  A phantom (D:10)
  8 crocodiles
  A boggart (Lair:4)
  8 bullfrogs
  A scorpion (D:9)
  2 killer bees (D:8)
  4 electric eels
  2 crimson imps (D:10)
  2 lava snakes (Lair:6)
  A hound (D:10)
  A quasit (D:7)
  2 orc priests
  A bullfrog skeleton (D:9)
  2 iguanas
  3 worker ants
  2 orc wizards
  3 gnolls
  A shadow imp (D:7)
  5 orcs
  3 jackals (D:10)
  2 quokkas (D:11)
  5 bushes (Lair:6)
  13 fungi
  12 plants
215 creatures vanquished.

Vanquished Creatures (others)
  An orc sorcerer (Orc:1)
  12 orc warriors
  4 slaves (D:8)
  4 orc wizards
  6 orc priests
  A worker ant zombie (D:8)
  34 orcs
  A giant cockroach (D:5)
  17 bushes (Lair:6)
  7 fungi
  11 plants (Lair:6)
98 creatures vanquished.

Grand Total: 694 creatures vanquished

Notes
Turn   | Place    | Note
-------+----------+-------------------------------------------
     0 | D:1      | Naru the Hill Orc Fighter began the quest for the Orb.
     0 | D:1      | Reached XP level 1. HP: 19/19 MP: 1/1
   146 | D:1      | Reached XP level 2. HP: 27/27 MP: 2/2
   239 | D:1      | Reached skill level 3 in Axes
   489 | D:1      | Reached XP level 3. HP: 33/33 MP: 3/3
  1184 | D:2      | Reached skill level 4 in Axes
  1184 | D:2      | Reached XP level 4. HP: 21/40 MP: 4/4
  1617 | D:2      | Found a sparkling altar of Nemelex Xobeh.
  1728 | D:2      | Reached XP level 5. HP: 38/46 MP: 5/5
  1754 | D:2      | Reached skill level 5 in Axes
  1903 | D:2      | Found an opulent altar of Gozag.
  1903 | D:2      | Found a glowing silver altar of Zin.
  2222 | D:2      | Found a bloodstained altar of Trog.
  2599 | D:3      | Noticed barcollo's ghost (amateur MiBe)
  2619 | D:3      | Killed barcollo's ghost
  2619 | D:3      | Reached skill level 6 in Axes
  2619 | D:3      | Reached XP level 6. HP: 15/53 MP: 6/6
  2979 | D:3      | Found a shadowy altar of Dithmenos.
  3243 | D:4      | Found a hide-covered altar of Uskayaw.
  3276 | D:4      | Found a shimmering altar of Xom.
  3383 | D:4      | Reached skill level 7 in Axes
  3383 | D:4      | Reached XP level 7. HP: 47/60 MP: 7/7
  3428 | D:4      | Reached skill level 5 in Fighting
  3503 | D:4      | Reached skill level 5 in Shields
  3883 | D:4      | Found a hazy altar of Hepliaklqana.
  3935 | D:4      | Reached skill level 8 in Axes
  3994 | D:4      | Found a staircase to the Ecumenical Temple.
  4282 | D:4      | Reached XP level 8. HP: 69/69 MP: 8/8
  4399 | D:5      | Entered Level 5 of the Dungeon
  5057 | D:5      | Reached skill level 5 in Armour
  5058 | D:5      | Reached skill level 9 in Axes
  5092 | D:5      | Became a worshipper of Beogh the Brigand
  5381 | D:5      | Found a runed door.
  6059 | D:6      | Reached skill level 10 in Axes
  6065 | D:6      | Reached XP level 9. HP: 51/78 MP: 9/9
  6302 | D:6      | Found an ornate altar of the Wu Jian Council.
  6428 | D:6      | Reached * piety under Beogh
  6805 | D:5      | Reached skill level 11 in Axes
  7043 | D:5      | Reached ** piety under Beogh
  7278 | D:6      | Reached skill level 1 in Dodging
  7949 | D:6      | Found a basalt altar of Yredelemnul.
  8444 | D:7      | Reached skill level 12 in Axes
  8628 | D:7      | Reached *** piety under Beogh
  8629 | D:7      | Noticed raetorn's ghost (novice VSFi)
  8689 | D:7      | Killed raetorn's ghost
  8689 | D:7      | Reached XP level 10. HP: 61/88 MP: 10/10
  8724 | D:7      | Identified Katupet's Almanac of the Pink Corner
 10061 | D:8      | Reached skill level 13 in Axes
 10068 | D:8      | Noticed Maurice
 10102 | D:8      | Noticed Pikel
 10109 | D:8      | Killed Maurice
 10109 | D:8      | Gained Syrus as an ally
 10109 | D:8      | Reached skill level 1 in Invocations
 10115 | D:8      | Killed Pikel
 10194 | D:8      | Reached skill level 1 in Evocations
 10359 | D:8      | Noticed a two-headed ogre
 10365 | D:8      | Killed a two-headed ogre
 10441 | D:8      | Noticed Erica
 10472 | D:8      | Killed Erica
 10475 | D:8      | Reached **** piety under Beogh
 10812 | D:9      | Found Siah's Gadget Boutique.
 10824 | D:9      | Reached XP level 11. HP: 92/95 MP: 13/13
 11105 | D:9      | Found a glowing golden altar of the Shining One.
 11122 | D:9      | Found a deep blue altar of Sif Muna.
 11158 | D:9      | Reached skill level 14 in Axes
 11245 | D:9      | Found a staircase to the Lair.
 11890 | D:9      | Found a blossoming altar of Fedhas.
 12033 | D:10     | Entered Level 10 of the Dungeon
 12264 | D:10     | Reached ***** piety under Beogh
 12654 | D:10     | Was placed under penance by Beogh
 13188 | D:10     | Was forgiven by Beogh
 13400 | D:11     | Noticed a red ugly thing
 13418 | D:11     | Killed a red ugly thing
 13470 | D:11     | Found a staircase to the Orcish Mines.
 13693 | D:11     | Found an ornate altar of the Wu Jian Council.
 13702 | D:11     | Noticed a white ugly thing
 13707 | D:11     | Killed a white ugly thing
 13771 | D:11     | Noticed a red ugly thing
 13782 | D:11     | Killed a red ugly thing
 13782 | D:11     | Reached skill level 5 in Invocations
 14127 | Lair:1   | Entered Level 1 of the Lair of Beasts
 14267 | Lair:1   | Reached skill level 10 in Fighting
 14405 | Lair:1   | Reached skill level 15 in Axes
 15066 | Lair:1   | Reached XP level 12. HP: 93/106 MP: 16/16
 15617 | Lair:2   | Noticed Nergalle
 15625 | Lair:2   | Killed Nergalle
 15718 | Lair:2   | Got a steaming shield
 15719 | Lair:2   | Identified the +0 shield of Gehenna {rC+ Int+3} (You found it on level 2 of the Lair of Beasts)
 15768 | Lair:2   | Found a staircase to the Snake Pit.
 16372 | Lair:3   | Found a staircase to the Swamp.
 16673 | Lair:3   | Reached skill level 10 in Shields
 16871 | Lair:3   | Noticed a five-headed hydra
 16876 | Lair:3   | Noticed a five-headed hydra
 16876 | Lair:3   | Killed a four-headed hydra
 16878 | Lair:3   | Killed a six-headed hydra
 16878 | Lair:3   | Reached skill level 16 in Axes
 17231 | Lair:4   | Noticed a seven-headed hydra
 17237 | Lair:4   | Killed a seven-headed hydra
 17772 | Lair:4   | Noticed an eight-headed hydra
 17849 | Lair:4   | Reached XP level 13. HP: 111/116 MP: 18/18
 18257 | Lair:5   | Got a twitching copper ring
 18261 | Lair:5   | Identified the ring "Bolionav" {+Blink Slay+1} (You found it on level 5 of the Lair of Beasts)
 18762 | Lair:5   | Found a staircase to the Slime Pits.
 18762 | Lair:5   | Found a viscous altar of Jiyva.
 18935 | Lair:6   | Entered Level 6 of the Lair of Beasts
 18944 | Lair:6   | Gained Ognian as an ally
 19353 | Lair:6   | Reached ****** piety under Beogh
 19624 | Lair:6   | Found a large runed door.
 19624 | Lair:6   | Noticed a fire dragon
 19807 | Lair:6   | Found a large runed door.
 19826 | Lair:6   | Killed a fire dragon
 20533 | Orc:1    | Entered Level 1 of the Orcish Mines
 20583 | Orc:1    | Noticed an orc warlord
 20767 | Orc:1    | Identified a scroll of acquirement
 21004 | Orc:1    | Paralysed by an orc sorcerer for 7 turns
 21408 | Orc:2    | Entered Level 2 of the Orcish Mines
 21448 | Orc:2    | Gained Spirok as an ally
 21455 | Orc:2    | Noticed an orc warlord
 21456 | Orc:2    | Your ally Spirok died
 21683 | Orc:2    | Killed from afar by an orc priest

Skill      XL: |  1  2  3  4  5  6  7  8  9 10 11 12 13 |
---------------+----------------------------------------+-----
Fighting       | 4 5 6 7 8 10 11 12 | 12.9
Axes           | 3 4 6 7 8 10 12 13 15 16 | 16.0
Shields        | 4 5 6 7 8 9 11 12 | 12.8
Armour         | 4 5 6 7 9 |  9.9
Dodging        | 1 2 |  2.2
Invocations    | 3 5 7 9 |  9.6
Evocations     | 2 3 |  3.6

Action                   |  1- 3 |  4- 6 |  7- 9 | 10-12 | 13-15 || total
-------------------------+-------+-------+-------+-------+-------++-------
Melee: War axe           |   122 |   208 |   559 |   528 |   205 ||  1622
       Hand axe          |       |       |    71 |   106 |       ||   177
Throw: Javelin           |       |       |       |     6 |       ||     6
Invok: Convert to Beogh  |       |       |     1 |       |       ||     1
       Recall Orcish Fol |       |       |       |     1 |       ||     1
       Stop Recall       |       |       |       |     1 |       ||     1
       Give Item to Name |       |       |       |     1 |     1 ||     2
       Smiting           |       |       |       |       |     3 ||     3
       Resurrection      |       |       |       |       |     1 ||     1
Evoke: Wand              |       |       |       |     6 |    16 ||    22
  Use: Scroll            |       |       |    13 |    18 |    10 ||    41
       Potion            |       |       |     5 |     1 |     2 ||     8
 Stab: Distracted        |       |       |       |     2 |     2 ||     4
       Paralysed         |       |       |       |       |     4 ||     4
       Invisible         |       |       |       |       |     1 ||     1
  Eat: Chunk             |     1 |     6 |     1 |     8 |     1 ||    17
       Ration            |       |     1 |     5 |     7 |     4 ||    17
Armor: Scale mail        |    46 |       |       |       |       ||    46
       Plate armour      |    27 |   159 |   388 |   193 |     1 ||   768
       Fire dragon scale |       |       |       |       |    52 ||    52
Dodge: Dodged            |    35 |    29 |   106 |    30 |    30 ||   230
Block: Shield            |    82 |   141 |   393 |       |       ||   616
       Large shield      |       |       |       |   456 |   198 ||   654
       Reflection        |       |       |       |     2 |       ||     2
